[ PARTIDA AOE2 · #505968543 ]
UnrankedTurcos vs Khmer
Equipo del jugador · VICT
Equipo rival · DERR
[ ANÁLISIS DE REPETICIÓN · EXTRAÍDO DE LA PARTIDA GRABADA ]
Feudal
16:02
Castillos
21:29
Imperial
—
| APM promedio | 52.8 |
| APM pico | 109 |
| eAPM promedio | 29.5 |
| Aldeanos / militares | 133 / 140 |
Foco
⚔️ 38.0% · 🌾 62.0%
Scout Cavalry ×71 · Janissary ×44 · Monk ×25
Feudal
16:57
Castillos
19:41
Imperial
29:37
| APM promedio | 27.4 |
| APM pico | 72 |
| eAPM promedio | 16.8 |
| Aldeanos / militares | 72 / 29 |
Foco
⚔️ 22.9% · 🌾 77.1%
Ballista Elephant ×19 · Trebuchet (Packed) ×3 · Monk ×2 · Knight ×2 · Scout Cavalry ×2 · Battle Elephant ×1
Mapa de la partida
Recursos iniciales + cada clic de construcción. Líneas = muros · curvas = relieve. ◆ oro · ⬟ piedra · ● bayas · ✦ reliquia · ◌ hueco del cierre
Tu base· ✓ Cerrada en 21:29 · 73t muro · 4 puerta(s)
Base de muirhead25· ✓ Cerrada en 19:41 · 28t muro · sin puerta
Terreno inicial suavizado · ◌ = hueco del cierre detectado · pasá el cursor para detalles
Inputs por minuto
— LowEloNobody - - muirhead25
Build order — LowEloNobody
Primeras 150 de 467 acciones detectadas
| 0:00 | Encolar | Villager (Male) |
| 0:01 | Encolar | Villager (Male) |
| 0:03 | Construir | House |
| 0:04 | Construir | House |
| 0:14 | Investigar | Loom |
| 0:21 | Encolar | Villager (Male) |
| 0:25 | Encolar | Villager (Male) |
| 0:25 | Encolar | Villager (Male) |
| 0:25 | Encolar | Villager (Male) |
| 0:42 | Construir | Palisade Wall |
| 2:07 | Encolar | Villager (Male) |
| 2:07 | Encolar | Villager (Male) |
| 3:15 | Encolar | Villager (Male) |
| 3:15 | Encolar | Villager (Male) |
| 3:28 | Construir | Palisade Wall |
| 3:28 | Construir | Palisade Wall |
| 4:09 | Encolar | Villager (Male) |
| 4:15 | Construir | Palisade Wall |
| 4:17 | Construir | Palisade Wall |
| 4:42 | Encolar | Villager (Male) |
| 4:42 | Encolar | Villager (Male) |
| 4:52 | Construir | Palisade Wall |
| 5:23 | Construir | Palisade Wall |
| 5:23 | Construir | Palisade Wall |
| 5:24 | Construir | Palisade Wall |
| 5:42 | Encolar | Villager (Male) |
| 5:42 | Encolar | Villager (Male) |
| 6:03 | Construir | Palisade Wall |
| 6:39 | Encolar | Villager (Male) |
| 6:39 | Encolar | Villager (Male) |
| 6:46 | Construir | Palisade Wall |
| 7:09 | Encolar | Villager (Male) |
| 7:09 | Encolar | Villager (Male) |
| 7:19 | Construir | Lumber Camp |
| 7:37 | Encolar | Villager (Male) |
| 7:47 | Construir | Palisade Wall |
| 7:49 | Encolar | Villager (Male) |
| 8:38 | Encolar | Villager (Male) |
| 8:38 | Encolar | Villager (Male) |
| 8:51 | Construir | House |
| 8:54 | Construir | House |
| 9:06 | Encolar | Villager (Male) |
| 9:06 | Encolar | Villager (Male) |
| 9:06 | Encolar | Villager (Male) |
| 9:13 | Encolar | Villager (Male) |
| 9:13 | Encolar | Villager (Male) |
| 9:20 | Construir | House |
| 10:09 | Construir | Mining Camp |
| 10:30 | Encolar | Villager (Male) |
| 10:33 | Encolar | Villager (Male) |
| 10:57 | Encolar | Villager (Male) |
| 11:17 | Construir | Outpost |
| 11:20 | Construir | Outpost |
| 11:24 | Construir | Outpost |
| 11:42 | Encolar | Villager (Male) |
| 11:51 | Construir | Outpost |
| 11:57 | Encolar | Villager (Male) |
| 12:06 | Construir | Mill |
| 12:29 | Encolar | Villager (Male) |
| 12:38 | Construir | Palisade Wall |
| 12:39 | Construir | Palisade Wall |
| 12:57 | Construir | Mill |
| 12:58 | Encolar | Villager (Male) |
| 13:24 | Construir | Outpost |
| 13:26 | Encolar | Villager (Male) |
| 13:28 | Construir | Outpost |
| 13:38 | Investigar | Feudal Age |
| 13:53 | Construir | House |
| 14:06 | Construir | Mining Camp |
| 14:16 | Construir | Outpost |
| 14:19 | Construir | Outpost |
| 14:59 | Construir | House |
| 15:04 | Construir | Outpost |
| 15:08 | Construir | Palisade Wall |
| 15:22 | Construir | Palisade Wall |
| 15:35 | Encolar | Villager (Male) |
| 15:45 | Construir | Outpost |
| 16:02 | Edad | Edad Feudal |
| 16:10 | Construir | Stone Wall |
| 16:14 | Investigar | Town Watch |
| 16:19 | Construir | Market |
| 16:54 | Encolar | Villager (Male) |
| 17:09 | Construir | Lumber Camp |
| 17:17 | Encolar | Villager (Male) |
| 17:39 | Investigar | Double-Bit Axe |
| 17:49 | Construir | Stone Wall |
| 17:52 | Construir | Gate |
| 17:59 | Encolar | Villager (Male) |
| 18:02 | Construir | Stone Wall |
| 18:05 | Construir | Gate |
| 18:07 | Encolar | Villager (Male) |
| 18:14 | Construir | Blacksmith |
| 18:38 | Construir | Palisade Wall |
| 18:44 | Investigar | Castle Age |
| 18:44 | Investigar | Castle Age |
| 18:59 | Construir | House |
| 19:10 | Investigar | Horse Collar |
| 19:16 | Construir | Farm |
| 19:18 | Construir | Farm |
| 20:23 | Investigar | Fletching |
| 20:29 | Construir | Farm |
| 20:53 | Construir | Stone Wall |
| 21:01 | Construir | Stone Wall |
| 21:06 | Construir | Gate |
| 21:11 | Construir | Gate |
| 21:13 | Encolar | Villager (Male) |
| 21:20 | Encolar | Villager (Male) |
| 21:29 | Edad | Edad de los Castillos |
| 21:33 | Construir | Town Center |
| 21:37 | Encolar | Villager (Male) |
| 21:53 | Encolar | Villager (Male) |
| 22:00 | Construir | Castle |
| 22:05 | Construir | Farm |
| 22:05 | Construir | Farm |
| 22:05 | Construir | Farm |
| 22:06 | Construir | Farm |
| 22:08 | Encolar | Villager (Male) |
| 22:14 | Construir | House |
| 22:55 | Encolar | Villager (Male) |
| 22:59 | Encolar | Villager (Male) |
| 23:11 | Encolar | Villager (Male) |
| 23:11 | Encolar | Villager (Male) |
| 23:24 | Encolar | Janissary |
| 23:24 | Encolar | Janissary |
| 23:24 | Encolar | Janissary |
| 23:29 | Construir | Farm |
| 23:30 | Encolar | Villager (Male) |
| 23:44 | Construir | Palisade Wall |
| 23:46 | Construir | Outpost |
| 23:50 | Construir | Farm |
| 23:54 | Encolar | Villager (Male) |
| 24:02 | Encolar | Janissary |
| 24:02 | Encolar | Janissary |
| 24:09 | Construir | Outpost |
| 24:09 | Construir | Outpost |
| 24:09 | Encolar | Villager (Male) |
| 24:28 | Construir | Monastery |
| 24:32 | Encolar | Janissary |
| 24:32 | Encolar | Janissary |
| 24:38 | Construir | Farm |
| 24:56 | Encolar | Villager (Male) |
| 25:01 | Construir | Farm |
| 25:02 | Construir | Farm |
| 25:05 | Encolar | Villager (Male) |
| 25:05 | Encolar | Villager (Male) |
| 25:26 | Encolar | Monk |
| 25:26 | Encolar | Monk |
| 25:28 | Construir | House |
| 25:29 | Encolar | Villager (Male) |
| 25:29 | Encolar | Villager (Male) |
Build order — muirhead25
Primeras 150 de 178 acciones detectadas
| 0:01 | Encolar | Villager (Male) |
| 0:01 | Encolar | Villager (Male) |
| 0:02 | Encolar | Villager (Male) |
| 0:02 | Encolar | Villager (Male) |
| 0:02 | Encolar | Villager (Male) |
| 0:04 | Construir | House |
| 0:05 | Construir | House |
| 0:25 | Investigar | Loom |
| 1:08 | Encolar | Villager (Male) |
| 1:43 | Encolar | Villager (Male) |
| 1:59 | Encolar | Villager (Male) |
| 2:26 | Encolar | Villager (Male) |
| 3:05 | Encolar | Villager (Male) |
| 3:58 | Construir | House |
| 4:14 | Encolar | Villager (Male) |
| 4:40 | Construir | Palisade Wall |
| 4:41 | Construir | Palisade Wall |
| 4:49 | Construir | Palisade Wall |
| 4:50 | Construir | Palisade Wall |
| 4:52 | Construir | Palisade Wall |
| 4:54 | Construir | Palisade Wall |
| 5:02 | Construir | Palisade Wall |
| 5:04 | Encolar | Villager (Male) |
| 5:05 | Encolar | Villager (Male) |
| 5:47 | Construir | House |
| 5:56 | Encolar | Villager (Male) |
| 6:03 | Encolar | Villager (Male) |
| 6:21 | Encolar | Villager (Male) |
| 6:26 | Construir | House |
| 6:52 | Encolar | Villager (Male) |
| 7:41 | Encolar | Villager (Male) |
| 8:03 | Construir | Lumber Camp |
| 8:11 | Construir | Palisade Wall |
| 8:14 | Encolar | Villager (Male) |
| 8:34 | Encolar | Villager (Male) |
| 8:42 | Construir | Palisade Wall |
| 8:42 | Construir | Palisade Wall |
| 8:43 | Construir | Palisade Wall |
| 8:47 | Encolar | Villager (Male) |
| 9:02 | Construir | Palisade Wall |
| 9:03 | Construir | Palisade Wall |
| 9:04 | Construir | Palisade Wall |
| 9:17 | Encolar | Villager (Male) |
| 9:19 | Encolar | Villager (Male) |
| 9:23 | Construir | House |
| 9:46 | Construir | House |
| 10:04 | Encolar | Villager (Male) |
| 10:26 | Construir | Mill |
| 10:28 | Encolar | Villager (Male) |
| 10:41 | Encolar | Villager (Male) |
| 10:45 | Construir | Palisade Wall |
| 10:46 | Construir | Palisade Wall |
| 10:53 | Encolar | Villager (Male) |
| 11:03 | Encolar | Villager (Male) |
| 11:39 | Encolar | Villager (Male) |
| 12:22 | Encolar | Villager (Male) |
| 12:39 | Encolar | Villager (Male) |
| 13:09 | Construir | House |
| 13:13 | Encolar | Villager (Male) |
| 13:38 | Construir | Mining Camp |
| 14:00 | Construir | House |
| 14:11 | Encolar | Villager (Male) |
| 14:33 | Investigar | Feudal Age |
| 14:42 | Construir | Farm |
| 15:31 | Construir | Farm |
| 15:46 | Construir | Farm |
| 15:51 | Construir | Farm |
| 15:54 | Construir | Farm |
| 15:58 | Construir | Farm |
| 16:10 | Construir | Farm |
| 16:17 | Construir | Farm |
| 16:23 | Construir | Farm |
| 16:32 | Encolar | Villager (Male) |
| 16:57 | Edad | Edad Feudal |
| 17:01 | Investigar | Castle Age |
| 17:29 | Investigar | Horse Collar |
| 18:13 | Construir | Mining Camp |
| 18:27 | Encolar | Villager (Male) |
| 18:33 | Encolar | Villager (Male) |
| 18:48 | Investigar | Double-Bit Axe |
| 19:09 | Encolar | Villager (Male) |
| 19:25 | Construir | Lumber Camp |
| 19:41 | Edad | Edad de los Castillos |
| 20:16 | Encolar | Villager (Male) |
| 20:19 | Construir | Farm |
| 20:34 | Encolar | Villager (Male) |
| 21:06 | Construir | House |
| 21:22 | Construir | Market |
| 21:27 | Encolar | Villager (Male) |
| 21:54 | Encolar | Villager (Male) |
| 22:04 | Construir | Castle |
| 22:07 | Encolar | Villager (Male) |
| 22:15 | Construir | Farm |
| 22:18 | Construir | Farm |
| 22:19 | Encolar | Villager (Male) |
| 22:42 | Construir | Lumber Camp |
| 23:06 | Encolar | Villager (Male) |
| 23:09 | Investigar | Gold Mining |
| 23:51 | Encolar | Ballista Elephant |
| 24:09 | Construir | Watch Tower |
| 24:12 | Encolar | Villager (Male) |
| 24:18 | Encolar | Ballista Elephant |
| 24:23 | Encolar | Villager (Male) |
| 24:32 | Construir | Blacksmith |
| 24:57 | Encolar | Ballista Elephant |
| 25:12 | Encolar | Villager (Male) |
| 25:13 | Encolar | Villager (Male) |
| 25:16 | Construir | Farm |
| 25:52 | Encolar | Villager (Male) |
| 26:05 | Construir | House |
| 26:07 | Construir | House |
| 26:08 | Construir | House |
| 26:22 | Investigar | Imperial Age |
| 26:22 | Investigar | Imperial Age |
| 26:29 | Construir | Monastery |
| 26:52 | Encolar | Ballista Elephant |
| 27:11 | Encolar | Ballista Elephant |
| 27:17 | Investigar | Fletching |
| 27:55 | Encolar | Ballista Elephant |
| 27:57 | Encolar | Monk |
| 27:59 | Encolar | Villager (Male) |
| 28:13 | Construir | Farm |
| 28:26 | Encolar | Ballista Elephant |
| 28:52 | Construir | Farm |
| 28:53 | Encolar | Ballista Elephant |
| 29:10 | Encolar | Ballista Elephant |
| 29:37 | Edad | Edad Imperial |
| 29:40 | Encolar | Trebuchet (Packed) |
| 29:52 | Encolar | Villager (Male) |
| 30:09 | Encolar | Villager (Male) |
| 30:31 | Construir | Lumber Camp |
| 30:45 | Encolar | Trebuchet (Packed) |
| 31:04 | Encolar | Villager (Male) |
| 31:32 | Encolar | Ballista Elephant |
| 31:33 | Encolar | Villager (Male) |
| 31:49 | Encolar | Ballista Elephant |
| 32:43 | Encolar | Ballista Elephant |
| 32:43 | Encolar | Ballista Elephant |
| 33:11 | Encolar | Ballista Elephant |
| 33:49 | Encolar | Villager (Male) |
| 34:38 | Encolar | Villager (Male) |
| 34:57 | Encolar | Ballista Elephant |
| 34:57 | Encolar | Ballista Elephant |
| 35:00 | Construir | Outpost |
| 35:02 | Construir | Outpost |
| 35:03 | Encolar | Villager (Male) |
| 35:03 | Encolar | Villager (Male) |
| 35:16 | Encolar | Ballista Elephant |
| 35:26 | Construir | Farm |
| 35:27 | Construir | Farm |
Cronología de la partida
| 0:42 | LowEloNobody · wall_segment Palisade Wall x8 |
| 3:28 | LowEloNobody · wall_segment Palisade Wall x1 |
| 3:28 | LowEloNobody · wall_segment Palisade Wall x1 |
| 4:15 | LowEloNobody · wall_segment Palisade Wall x1 |
| 4:17 | LowEloNobody · wall_segment Palisade Wall x1 |
| 4:40 | muirhead25 · wall_segment Palisade Wall x1 |
| 4:41 | muirhead25 · wall_segment Palisade Wall x1 |
| 4:49 | muirhead25 · wall_segment Palisade Wall x1 |
| 4:50 | muirhead25 · wall_segment Palisade Wall x1 |
| 4:52 | muirhead25 · wall_segment Palisade Wall x1 |
| 4:52 | LowEloNobody · wall_segment Palisade Wall x1 |
| 4:54 | muirhead25 · wall_segment Palisade Wall x1 |
| 5:02 | muirhead25 · wall_segment Palisade Wall x10 |
| 5:23 | LowEloNobody · wall_segment Palisade Wall x1 |
| 5:23 | LowEloNobody · wall_segment Palisade Wall x1 |
| 5:24 | LowEloNobody · wall_segment Palisade Wall x1 |
| 6:03 | LowEloNobody · wall_segment Palisade Wall x1 |
| 6:46 | LowEloNobody · wall_segment Palisade Wall x1 |
| 7:47 | LowEloNobody · wall_segment Palisade Wall x1 |
| 8:11 | muirhead25 · wall_segment Palisade Wall x9 |
| 8:42 | muirhead25 · wall_segment Palisade Wall x1 |
| 8:42 | muirhead25 · wall_segment Palisade Wall x2 |
| 8:43 | muirhead25 · wall_segment Palisade Wall x1 |
| 9:02 | muirhead25 · wall_segment Palisade Wall x1 |
| 9:03 | muirhead25 · wall_segment Palisade Wall x1 |
| 9:04 | muirhead25 · wall_segment Palisade Wall x1 |
| 10:45 | muirhead25 · wall_segment Palisade Wall x1 |
| 10:46 | muirhead25 · wall_segment Palisade Wall x1 |
| 12:38 | LowEloNobody · wall_segment Palisade Wall x1 |
| 12:39 | LowEloNobody · wall_segment Palisade Wall x10 |
| 15:08 | LowEloNobody · wall_segment Palisade Wall x5 |
| 15:22 | LowEloNobody · wall_segment Palisade Wall x1 |
| 16:02 | LowEloNobody · age_up feudal |
| 16:10 | LowEloNobody · wall_segment Stone Wall x8 |
| 16:57 | muirhead25 · age_up feudal |
| 17:49 | LowEloNobody · wall_segment Stone Wall x10 |
| 18:02 | LowEloNobody · wall_segment Stone Wall x13 |
| 18:38 | LowEloNobody · wall_segment Palisade Wall x1 |
| 19:08 | LowEloNobody · first_market_buy 100 food |
| 19:41 | muirhead25 · age_up castle |
| 20:53 | LowEloNobody · wall_segment Stone Wall x6 |
| 21:01 | LowEloNobody · wall_segment Stone Wall x6 |
| 21:29 | LowEloNobody · age_up castle |
| 22:00 | LowEloNobody · first_building Castle |
| 22:04 | muirhead25 · first_building Castle |
| 23:41 | muirhead25 · first_market_sell 100 wood |
| 23:44 | LowEloNobody · wall_segment Palisade Wall x1 |
| 23:59 | muirhead25 · first_market_buy 100 stone |
| 24:28 | LowEloNobody · first_building Monastery |
| 26:29 | muirhead25 · first_building Monastery |
| 29:37 | muirhead25 · age_up imperial |
| 29:50 | LowEloNobody · first_building Barracks |
| 30:32 | LowEloNobody · first_building Stable |
| 36:29 | muirhead25 · first_building Stable |
| 44:31 | muirhead25 · resign |
[ ANÁLISIS IA · 1 CRÉDITO ]
¿Qué pasó realmente en esta partida?
Wolo.gg analiza cada decisión: build order, eco, micro, errores típicos por bracket. Análisis personalizado por WhatsApp o Discord en 30 segundos.
Guía civ
Turcos
Perfil
LowEloNobody